 Dungeon Crawl Stone Soup version 0.23.0 (webtiles) character file.

Game seed: 7228969296052821081

1406 MalarOregon the Grave Robber (level 8, -4/52 HPs)
             Began as a Merfolk Necromancer on Feb 14, 2019.
             Slain by a hornet (10 damage)
             ... on level 7 of the Dungeon.
             The game lasted 00:21:34 (10970 turns).

MalarOregon the Grave Robber (Merfolk Necromancer) Turns: 10970, Time: 00:21:35

Health: -4/52      AC:  3    Str:  8    XL:     8   Next: 70%
Magic:  7/16       EV: 13    Int: 16    God:
Gold:   348        SH:  0    Dex: 15    Spells: 2/18 levels left

rFire    + . .     SeeInvis .   p - +3 dagger (venom)
rCold    + . .     Gourm    .   (no shield)
rNeg     . . .     Faith    .   a - +0 robe
rPois    .         Spirit   .   r - +0 helmet
rElec    .         Reflect  .   w - scarf {rC+ rF+}
rCorr    .         Harm     .   (no gloves)
MR       .....                  (no boots)
Stlth    ++........             (no amulet)
HPRegen  1.17/turn              (no ring)
MPRegen  0.15/turn              (no ring)

@: lethally poisoned (-4 -> -5), regenerating (expiring), slowed, very slow
A: change form in water, swift swim, stealthy swim
a: no special abilities


You were on level 7 of the Dungeon.
You were not hungry.

You visited 1 branch of the dungeon, and saw 7 of its levels.

You collected 348 gold pieces.

Inventory:

Hand Weapons
 c - a +1 antimagic dagger
   (You took it off an orc wizard on level 6 of the Dungeon)
 p - a +3 dagger of venom (weapon)
   (You took it off an orc wizard on level 2 of the Dungeon)
 q - a +1 dagger of draining
   (You took it off a goblin on level 2 of the Dungeon)
Armour
 a - a +0 robe (worn)
 r - a +0 helmet (worn)
   (You took it off Robin on level 3 of the Dungeon)
 w - a scarf of resistance (worn)
   (You found it on level 4 of the Dungeon)
Scrolls
 i - a scroll of remove curse {@r2}
 l - 2 scrolls of magic mapping
 o - 2 scrolls of teleportation {@r4}
Potions
 b - 3 potions of curing {@q1}
 d - 3 potions of degeneration {unknown}
 g - a potion of heal wounds {unknown}
 h - a potion of flight {unknown}
 k - 3 potions of ambrosia
 m - 2 potions of berserk rage
 t - 4 potions of agility
 v - a potion of haste {unknown}
 x - a potion of brilliance
Comestibles
 e - 8 rations {!d}


   Skills:
 - Level 2.6 Dodging
 - Level 2.1 Stealth
 + Level 5.7 Spellcasting
 * Level 7.9 Necromancy


You had 2 spell levels left.
You knew the following spells:

 Your Spells              Type           Power        Failure   Level  Hunger
a - Pain                  Necr           ####         1%          1    None
b - Animate Dead          Necr           N/A          5%          4    ####...
c - Corona                Hex            #......      14%         1    None
d - Confuse               Hex            #.......     38%         3    ##.....
e - Regeneration          Chrm/Necr      ###.......   9%          3    ##.....
q - Vampiric Draining     Necr           ####......   1%          3    ##.....
u - Animate Skeleton      Necr           N/A          1%          1    None

Your spell library contained the following spells:

 Spells                   Type           Power        Failure   Level  Hunger
 Ensorcelled Hibernation  Hex/Ice        #.....       22%         2    #......
 Dazzling Spray           Conj/Hex       #.....       38%         3    ##.....
 Tukima's Dance           Hex            #.......     38%         3    ##.....


Dungeon Overview and Level Annotations

Branches:
Dungeon (7/15)             Temple (0/1) D:7

Altars:
Ashenzari
Qazlal
The Shining One

Annotations:
D:4 3 runed translucent doors, ABBCCCDDDD's ghost, amateur MiBe; Kairos's ghost, amateur VSFi; hairmachine's ghost, amateur FoWz


Message History

Wield which item (- for none, * to show all)? (? for menu, Esc to quit)
Okay, then.
You climb upwards.
There is a stone staircase leading down here.
You see here a scroll of random uselessness.
Wield which item (- for none, * to show all)? (? for menu, Esc to quit)
You feel magic returning to you.
Your +3 dagger of venom begins to drip with poison!
p - a +3 dagger of venom (weapon)
You start resting.
You climb downwards.
The hornet barely misses you. The hornet stings you.
You are poisoned.
You suddenly lose the ability to move!
You feel sick. The hornet stings you.
You are more poisoned.
You feel yourself slow down. The hornet stings you!
You feel as though you will be slow longer.
You can move again.
There is a stone staircase leading up, spattered with blood here.
Your skin crawls.
You feel very sick. The hornet closely misses you. The hornet stings you!
* * * LOW HITPOINT WARNING * * *
You feel as though you will be slow longer.
Aim: a hornet You feel life coursing into your body.
You feel sick. The hornet barely misses you. The hornet stings you!
* * * LOW HITPOINT WARNING * * *
You are more poisoned.
You feel as though you will be slow longer.
Aim: a hornet (lightly wounded)
You feel life coursing into your body.
You feel very sick. The hornet stings you.
* * * LOW HITPOINT WARNING * * *
You are lethally poisoned!
You feel as though you will be slow longer.
The hornet barely misses you.
It was a potion of curing.
You feel better.
Your skin is crawling a little less now.
The hornet stings you!
* * * LOW HITPOINT WARNING * * *
You feel as though you will be slow longer.
The hornet stings you!
* * * LOW HITPOINT WARNING * * *
You are poisoned.
You feel as though you will be slow longer.
The hornet stings you!
You die...

###...............#
#..........._.....#
#................##
##.......###...####
#........#E#...#E#
#.##.....###)..###
#...#.....##.###.#
#.⌠.#####.##.## ..#
#...##....y@..# #W#
##(###.##.....###..#
... # #..........#
... #........####.#
.>. ####.#.....
#.######.# .## # .#
.#


You could see a hornet.

Vanquished Creatures
  Sigmund (D:5)
  A sky beast (D:5)
  A phantom (D:6)
  2 ogres
  A bullfrog (D:7)
  A scorpion (D:5)
  2 crimson imps
  A bullfrog zombie (D:5)
  A hound (D:4)
  A centaur zombie (D:5)
  3 orc priests
  4 iguanas
  4 orc wizards
  4 worker ants
  Robin (D:3)
  6 adders
  A shadow imp (D:5)
  An ooze (D:1)
  3 adder skeletons
  An adder zombie (D:5)
  2 worms
  3 dart slugs
  4 leopard geckos
  11 orcs
  2 ball pythons
  5 giant cockroaches
  12 goblins
  13 hobgoblins
  10 jackals
  2 quokkas
  9 bats
  2 frilled lizards
  7 kobolds
  A leopard gecko zombie (D:5)
  7 rats
130 creatures vanquished.

Vanquished Creatures (collateral kills)
  A goblin (D:1)
1 creature vanquished.

Vanquished Creatures (others)
  3 withered plants (D:4)
3 creatures vanquished.

Grand Total: 134 creatures vanquished

Notes
Turn   | Place    | Note
-------+----------+-------------------------------------------
     0 | D:1      | MalarOregon the Merfolk Necromancer began the quest for the
                  | Orb.
     0 | D:1      | Reached XP level 1. HP: 13/13 MP: 3/3
   416 | D:1      | Reached XP level 2. HP: 19/19 MP: 3/5
   765 | D:1      | Learned a level 1 spell: Animate Skeleton
   877 | D:1      | Reached XP level 3. HP: 23/24 MP: 3/6
  1780 | D:2      | Reached skill level 4 in Necromancy
  2300 | D:2      | Reached XP level 4. HP: 25/30 MP: 2/8
  2586 | D:2      | Found a shattered altar of Ashenzari.
  3082 | D:2      | Reached XP level 5. HP: 31/35 MP: 3/9
  3209 | D:3      | Noticed Robin
  3679 | D:3      | Killed Robin
  4266 | D:3      | Reached skill level 5 in Necromancy
  4574 | D:3      | Found a glowing golden altar of the Shining One.
  4679 | D:4      | Reached XP level 6. HP: 37/41 MP: 11/11
  5680 | D:4      | Found a runed translucent gate.
  5680 | D:4      | Found a runed translucent gate.
  5680 | D:4      | Found a runed translucent gate.
  5684 | D:4      | Noticed hairmachine's ghost (amateur FoWz)
  5684 | D:4      | Noticed Kairos's ghost (amateur VSFi)
  5685 | D:4      | Noticed ABBCCCDDDD's ghost (amateur MiBe)
  6013 | D:5      | Entered Level 5 of the Dungeon
  6052 | D:5      | Reached XP level 7. HP: 26/46 MP: 7/13
  6474 | D:5      | Reached skill level 6 in Necromancy
  6479 | D:5      | Learned a level 3 spell: Vampiric Draining
  6483 | D:5      | Learned a level 3 spell: Regeneration
  6488 | D:5      | Learned a level 4 spell: Animate Dead
  7032 | D:5      | Noticed Sigmund
  7197 | D:5      | Killed Sigmund
  7213 | D:5      | Reached XP level 8. HP: 16/52 MP: 9/15
  7576 | D:5      | Reached skill level 5 in Spellcasting
  7576 | D:5      | Reached skill level 7 in Necromancy
  8751 | D:7      | Found a stormy altar of Qazlal.
  8760 | D:7      | Noticed a water elemental
  8771 | D:7      | Found a staircase to the Ecumenical Temple.
  8792 | D:7      | Noticed an air elemental
  9251 | D:6      | Learned a level 1 spell: Corona
  9681 | D:6      | Learned a level 3 spell: Confuse
 10399 | D:7      | Noticed a hornet
 10965 | D:7      | Paralysed by a hornet for 2 turns
 10970 | D:7      | Slain by a hornet

Skill      XL: |  1  2  3  4  5  6  7  8 |
---------------+-------------------------+-----
Necromancy     | 4 5 6 7 |  7.9
Spellcasting   | 3 4 5 |  5.7
Dodging        | |  2.6
Stealth        | |  2.1

Action                   |  1- 3 |  4- 6 |  7- 9 || total
-------------------------+-------+-------+-------++-------
Melee: Whip              |    53 |     1 |       ||    54
       Unarmed           |     1 |       |       ||     1
       Dagger            |       |   133 |   318 ||   451
 Cast: Pain              |    62 |    65 |    20 ||   147
       Animate Skeleton  |     2 |       |       ||     2
       Corona            |       |       |    12 ||    12
       Confuse           |       |       |     7 ||     7
       Regeneration      |       |       |     4 ||     4
       Vampiric Draining |       |       |     3 ||     3
       Animate Dead      |       |       |     1 ||     1
Evoke: Wand              |       |       |     4 ||     4
  Use: Scroll            |       |       |    13 ||    13
       Potion            |       |       |     3 ||     3
 Stab: Sleeping          |     2 |     7 |     1 ||    10
       Confused          |       |       |     1 ||     1
  Eat: Chunk             |     5 |    12 |     7 ||    24
       Ration            |       |       |     3 ||     3
Armor: Robe              |    14 |    19 |    37 ||    70
Dodge: Dodged            |    47 |   145 |   179 ||   371
